 Dungeon Crawl Stone Soup version 0.20.1-1-g8b1a95d (webtiles) character file.

71 Iskender the Poker (level 4, 35/35 HPs)
             Began as a Mummy Chaos Knight on Aug 23, 2017.
             Quit the game on level 2 of the Dungeon.
             The game lasted 00:04:04 (1733 turns).

Iskender the Poker (Mummy Chaos Knight)             Turns: 1733, Time: 00:04:05

Health: 35/35      AC:  6    Str: 15    XL:     4   Next: 5%
Magic:  4/4        EV: 11    Int: 11    God:    Xom [......]
Gold:   46         SH:  0    Dex: 12    Spells: 3/3 levels left

rFire    x . .     SeeInvis .   a - +0 spear
rCold    + . .     Gourm    .   (no shield)
rNeg     + + +     Faith    .   b - +2 leather armour
rPois    ∞         Spirit   .   (no helmet)
rElec    .         Reflect  .   (no cloak)
rCorr    .         Harm     .   j - +0 pair of gloves
MR       .....                  (no boots)
Stlth    +.........             (no amulet)
Regen    0.2/turn               (no ring)
MPRegen  0.1/turn               (no ring)

@: no status effects
A: no food or potions, fire vulnerability, cold resistance 1, negative energy
resistance 3, torment resistance, unbreathing
a: Renounce Religion


You were on level 2 of the Dungeon.
You worshipped Xom.
You were a very special plaything of Xom.
You were not hungry.

You visited 1 branch of the dungeon, and saw 2 of its levels.

You collected 46 gold pieces.

Inventory:

Hand Weapons
 a - a +0 spear (weapon)
 c - a cursed -2 hand axe
 A - a +0 spear of chaos
Missiles
 d - 44 stones (quivered)
 f - 12 arrows
 k - 7 poisoned needles
Armour
 b - a +2 leather armour (worn)
 e - a +0 large shield
 j - a +0 pair of gloves (worn)
Scrolls
 h - a scroll of recharging {unknown}
 i - a scroll of blinking {unknown}
 l - a scroll of remove curse {unknown}
 m - a scroll of identify {unknown}


   Skills:
 - Level 3.0 Fighting
 + Level 4.0 Polearms
 - Level 1.5 Armour
 - Level 0.7 Dodging


You had 3 spell levels left.
You didn't know any spells.

Dungeon Overview and Level Annotations

Branches:
Dungeon (2/15)

Altars:


Innate Abilities, Weirdness & Mutations

You do not eat or drink.
Your flesh is vulnerable to fire.
You are immune to poison.
Your flesh is cold resistant. (rC+)
You are immune to negative energy. (rN+++)
You are immune to unholy pain and torment.
You can survive without breathing.


Message History

The adder is lightly wounded.
The adder bites you.
You hit the adder.
The adder is heavily wounded.
The adder bites you.
You hit the adder.
The adder is heavily wounded.
The adder bites you.
* * * LOW HITPOINT WARNING * * *
As you read the scroll labeled HOESSOCIRA, it crumbles to dust.
You feel strangely unstable.
It was a scroll of teleportation.
The adder bites you.
* * * LOW HITPOINT WARNING * * *
The adder bites you.
* * * LOW HITPOINT WARNING * * *
Unknown command.
Your surroundings suddenly seem different.
You start resting.
HP restored.
Are you sure you want to abandon this character and quit the game? (Confirm with "yes".)

...#.##...#
#...#.# .#.#.#
...# #####.#
#.#.# ...#
#...#.# #J#.#
#.># #.#.#.#
#S#.#
.....#.#.#.#
#.#.#
#.#..#.#.#.#
#.#.#
#.#..#.#...#
...#.#
#.#..#.##### ####
#.#..#.#@..#
#.#..#.#.#.#
#.#..#.#.#.#
#.#..#.#.#.#
#.##.#...#.#
#....#####'#
..#.#####.#####.#
#.....<........#
........#.#.....#


There were no monsters in sight!

Vanquished Creatures
  2 adders (D:2)
  3 worms (D:2)
  4 dart slugs
  A dart slug (shapeshifter) (D:1)
  A leopard gecko (D:1)
  4 bats
  2 giant cockroaches (D:1)
  2 goblins (D:2)
  6 hobgoblins
  A quokka (D:2)
  2 frilled lizards
  3 kobolds
  4 rats
35 creatures vanquished.

Notes
Turn   | Place    | Note
-------+----------+-------------------------------------------
     0 | D:1      | Iskender the Mummy Chaos Knight began the quest for the Orb.
     0 | D:1      | Reached XP level 1. HP: 18/18 MP: 1/1
   355 | D:1      | XOM: harmless Air miscast
   367 | D:1      | Reached XP level 2. HP: 15/24 MP: 2/2
   388 | D:1      | Reached skill level 3 in Polearms
   554 | D:1      | XOM: polymorph goblin -> gnoll
   831 | D:1      | Reached XP level 3. HP: 26/29 MP: 3/3
  1087 | D:2      | XOM: harmless Conj miscast
  1364 | D:2      | XOM: mild Pois miscast
  1369 | D:2      | Reached skill level 4 in Polearms
  1434 | D:2      | Reached XP level 4. HP: 26/35 MP: 4/4
  1450 | D:2      | XOM: confusion
  1454 | D:2      | XOM: noise
  1733 | D:2      | Quit the game

Skill      XL: |  1  2  3 |
---------------+----------+-----
Polearms       | 3 4 |  4.0
Fighting       | |  3.0
Armour         | |  1.5
Dodging        | |  0.7

Action                   |  1- 3 |  4- 6 || total
-------------------------+-------+-------++-------
Melee: Spear             |   206 |    16 ||   222
Throw: Stone             |    10 |       ||    10
  Use: Scroll            |       |     1 ||     1
 Stab: Sleeping          |     2 |       ||     2
Armor: Leather armour    |    56 |     7 ||    63
Dodge: Dodged            |    75 |    10 ||    85
